 Dungeon Crawl Stone Soup version 0.19-a0-1068-g99dd0f4 (webtiles) character file.

428013 Leszczynek the Peltast (level 25, -5/188 HPs)
             Began as a Human Skald on Aug 1, 2016.
             Was the Champion of Cheibriados.
             Slain by a vampire knight
             ... wielding a +0 bardiche
              (15 damage)
             ... on level 4 of the Depths on Aug 4, 2016.
             The game lasted 05:50:09 (53557 turns).

Leszczynek the Peltast (Human Skald)               Turns: 53557, Time: 05:50:10

Health: -5/188     AC: 30    Str: 33    XL:     25   Next: 1%
Magic:  38/41      EV: 22    Int: 32    God:    Cheibriados [******]
Gold:   954        SH: 22    Dex: 33    Spells: 9 memorised, 15 levels left

rFire  + + .     SeeInvis .     a - +7 demon blade (elec)
rCold  + . .     Gourm    .     k - +8 fire dragon armour
rNeg   + . .     Faith    .     N - +1 shield {AC+3}
rPois  +         Spirit   .     X - +1 hat
rElec  +         Dismiss  .     Z - +2 cloak
rCorr  .         Reflect  +     H - +0 pair of gloves
SustAt .         Harm     .     W - +0 pair of boots
MR     ++...                    B - +4 amulet of reflection
Stlth  +++.......               y - ring of protection from magic
                                r - ring "Cykerghie" {rPois rC++ rN+ Str+3 Dex-4}

@: regenerating, deflect missiles, very slow
A: horns 1, thin skeletal structure 1, blurry vision 1, high mp 1, mutation
resistance 1, electricity resistance, strong 1
a: Bend Time, Temporal Distortion, Slouch, Step From Time, Renounce Religion
}: 2/15 runes: decaying, gossamer


You were on level 4 of the Depths.
You worshipped Cheibriados.
Cheibriados was exalted by your worship.
You were not hungry.

You visited 10 branches of the dungeon, and saw 44 of its levels.
You also visited: Ice Cave, Volcano and Wizlab.

You collected 5557 gold pieces.
You spent 4603 gold pieces at shops.

Inventory:

Hand Weapons
 a - a +7 demon blade of electrocution (weapon)
 b - a +4 hunting sling of flaming
 c - a +6 blowgun
Missiles
 e - 231 sling bullets
 f - a throwing net
 n - 11 needles of confusion
 t - 12 curare-tipped needles
 C - 7 javelins
 E - 20 tomahawks (quivered)
 R - 8 javelins of returning
 V - 4 poisoned tomahawks
Armour
 k - a +8 fire dragon armour (worn)
 D - the +10 plate armour of Piugh {rPois rC+ Regen+}
   (You found it on level 3 of the Elven Halls)

   It protects you from cold.
   It protects you from poison.
   It increases your rate of regeneration.
 H - a +0 pair of gloves (worn)
 N - a +1 shield of protection (worn)
 W - a +0 pair of boots (worn)
 X - a +1 hat (worn)
 Z - a +2 cloak (worn)
Jewellery
 j - the ring of Xom's Entertainment {Fire MR+}
   (You found it in a wizard's laboratory)

   [ring of fire]

   It enhances your fire magic.
   It protects you from fire.
   It makes you vulnerable to cold.
   It affects your resistance to hostile enchantments.
 l - an uncursed ring of protection from fire
 r - the ring "Cykerghie" (left hand) {rPois rC++ rN+ Str+3 Dex-4}
   (You found it on level 1 of the Vaults)

   [ring of strength]

   It affects your strength (+3).
   It affects your dexterity (-4).
   It greatly protects you from cold.
   It protects you from poison.
   It protects you from negative energy.
 u - an uncursed ring of resist corrosion
 v - the amulet of Emingi {Regen+ Int+2}
   (You bought it in a shop on level 10 of the Dungeon)

   [amulet of regeneration]

   It affects your intelligence (+2).
   It increases your rate of regeneration.
 y - a ring of protection from magic (right hand)
 B - a +4 amulet of reflection (around neck)
 P - the ring of Ketimp {Dex+4 SInv}
   (You found it on level 2 of the Vaults)

   [ring of see invisible]

   It affects your dexterity (+4).
   It lets you see invisible.
Scrolls
 g - 17 scrolls of remove curse
 m - 12 scrolls of teleportation
 p - 10 scrolls of fear
 s - a scroll of magic mapping
 w - 8 scrolls of identify
 S - 2 scrolls of holy word
 U - 6 scrolls of summoning
 Y - 3 scrolls of fog
Potions
 h - 16 potions of curing
 i - 8 potions of might
 q - 7 potions of flight
 x - 7 potions of agility
 z - 8 potions of heal wounds
 A - 3 potions of resistance
 F - 6 potions of brilliance
 I - 2 potions of cancellation
 K - 15 potions of cure mutation
 L - 5 potions of invisibility
 Q - 2 potions of ambrosia
Comestibles
 d - 22 bread rations
 o - 26 chunks of flesh
 G - 19 meat rations
 J - 23 beef jerkies


   Skills:
 + Level 13.3 Fighting
 - Level 14.0 Long Blades
   Level 8.2 Maces & Flails
 - Level 9.8(12.1) Slings
   Level 1.8 Bows
 - Level 11.6(12.9) Throwing
 + Level 10.9 Armour
 - Level 10.5 Dodging
 - Level 6.2 Stealth
 - Level 15.0 Shields
 * Level 10.2 Spellcasting
 - Level 8.6 Hexes
 - Level 11.4 Charms
 - Level 8.2 Summonings
 - Level 3.3 Necromancy
 - Level 6.2 Translocations
 - Level 4.0 Transmutations
   Level 3.4 Ice Magic
 + Level 12.6 Air Magic
 - Level 4.0 Earth Magic
 - Level 11.8 Invocations


You had 15 spell levels left.
You knew the following spells:

 Your Spells              Type           Power        Failure   Level  Hunger
a - Passwall              Tmut/Erth      #####.....   1%          2    None
c - Spectral Weapon       Hex/Chrm       ######..     1%          3    None
d - Passage of Golubria   Tloc           N/A          6%          4    None
e - Animate Skeleton      Necr           N/A          1%          1    None
f - Summon Lightning Spi  Summ/Air       ######..     1%          4    None
g - Summon Butterflies    Summ           ######..     1%          1    None
h - Summon Mana Viper     Hex/Summ       ######..     6%          5    ###....
i - Deflect Missiles      Chrm/Air       #######...   8%          6    #####..
q - Regeneration          Chrm/Necr      ######....   1%          3    None


Dungeon Overview and Level Annotations

Branches:
Dungeon (15/15)            Temple (1/1) D:7            Lair (6/6) D:8
  Swamp (4/4) Lair:3       Spider (4/4) Lair:3        Slime (0/5) Lair:5
    Orc (2/2) D:9             Elf (3/3) Orc:2        Vaults (4/5) D:14
  Crypt (1/3) Vaults:2     Depths (4/5) D:15

Altars:
Ashenzari
Cheibriados
Dithmenos
Elyvilon
Fedhas
Gozag
Hepliaklqana
Kikubaaqudgha
Makhleb
Okawaru
Pakellas
Qazlal
Ru
Trog
Uskayaw
Vehumet
Yredelemnul
Zin
The Shining One
Beogh
Jiyva

Shops:
D:9 (   D:10 =   D:11 (   D:12 :   Orc:2 }[:[   Elf:1 [   Elf:2 (   Elf:3 *
Vaults:1 :   Vaults:4 (:[*!   Depths:4 [*=

Portals:
Hell: Depths:1 Depths:2 Depths:3
Abyss: Depths:3 Depths:4
Pandemonium: Depths:3
Ziggurat: Depths:2
Trove: Vaults:1 (give +2 shadow dragon armour)

Annotations:
D:2 gnolls (freezing spear, halberd)
D:4 ogre, sky beast
D:7 orc warrior, Dowan, Duvessa
Swamp:1 exclusion: Roxanne, Roxanne
Elf:2 5 runed doors
Vaults:3 exclusions: ironbrand convoker and 4 more exclusions, Sojobo


Innate Abilities, Weirdness & Mutations

You have a pair of small horns on your head.
You have a somewhat thin skeletal structure. (Dex +2, Stealth)
Scrolls take you a little longer to read.
You have an increased reservoir of magic. (+10% MP)
You are somewhat resistant to further mutation.
You are resistant to electric shocks. (rElec)
Your muscles are strong. (Str +2)


Message History

The death yak gores you!!
The spriggan berserker prays to Trog.
The spriggan berserker goes berserk!
You block the spriggan rider's attack.
Unknown command.
Unknown command.
Casting: Regeneration
Confirm with . or Enter, or press ? or * to list all spells.
Your skin crawls.
Something hits you!
* * * LOW HITPOINT WARNING * * *
You block something's attack. The death yak gores you!!
* * * LOW HITPOINT WARNING * * *
The spriggan berserker hits you with a rapier.
* * * LOW HITPOINT WARNING * * *
You block the spriggan rider's attack.
You hear a trumpeting!
The death yak closely misses you.
The spriggan rider hits you but does no damage.
Unknown command.
You swap places.
Something hits you!
You die...

....... #.. .......
#.# ....... .. #.#
....... .. ##.##
..... ... #...# i..
..#######.########)#
.......#...#..ZZ@ZY#
#........∩...ZZ###i#
#....#.#...#.### i#
#..†..##.∩.### i.
...#...#...#.### ..∩
.Z##..[[.∩.....#
....
.[.).......#.....
.....
#[#####...#######
...... .....###...#


You could see a death yak (berserk), a spriggan berserker (berserk), 4 friendly
deep troll skeletons and a friendly deep troll skeleton.

Vanquished Creatures
  Mennas (Depths:3)
  A juggernaut (Depths:3)
  Margery (Vaults:2)
  A caustic shrike (Depths:3)
  A golden dragon (Depths:3)
  Nikola (Spider:3)
  A mutant beast (WizLab)
  Arachne (Spider:2)
  Jorgrun (Spider:2)
  A tentacled monstrosity (Depths:2)
  2 titans (Depths:3)
  Asterion (Spider:3)
  A lich (Depths:2)
  A deep elf blademaster (Elf:3)
  A deep elf master archer (Elf:3)
  A thorn hunter (Swamp:4)
  3 sphinxes
  A tengu reaver (Depths:3)
  3 fire giants
  5 frost giants
  Donald (Spider:4)
  An orc warlord (D:13)
  5 ghost moths
  7 vault wardens
  4 deep elf sorcerers
  5 emperor scorpions
  3 ghouls
  8 very ugly things
  4 deep elf elementalists
  3 entropy weavers
  6 stone giants
  12 ironheart preservers
  8 deep elf annihilators
  5 vampire knights
  6 spark wasps
  Azrael (D:12)
  5 deep elf demonologists
  3 deep elf death magi (Elf:3)
  6 ettins
  A deep elf high priest (Elf:3)
  4 jiangshi (Crypt:1)
  A crystal guardian (Vaults:3)
  17 ogre magi
  5 great orbs of eyes
  6 yaktaur captains
  3 fire dragons
  5 ice dragons
  24 hydras
  3 spriggan air magi
  A vault guard (Vaults:3)
  Erica (Lair:2)
  6 centaur warriors
  3 ghost crabs (Swamp:3)
  12 alligators
  A catoblepas (Lair:2)
  4 death knights
  9 dancing weapons
  3 tengu warriors
  6 deep troll shamans
  A hell hog (shapeshifter) (Depths:3)
  8 deep troll earth magi
  2 orc high priests
  3 vampire magi
  4 spriggan berserkers
  A soul eater (Depths:3)
  An iron golem (WizLab)
  20 deep elf knights
  12 hell knights
  5 iron trolls
  2 fire crabs (shapeshifter)
  A sea snake (shapeshifter) (D:14)
  21 deep trolls
  A flayed ghost (Vaults:3)
  An unseen horror (shapeshifter) (Vaults:2)
  2 unseen horrors
  8 swamp dragons
  2 spriggan druids
  4 giant orange brains
  A shadow demon (Depths:3)
  6 hill giants
  An anubis guard (shapeshifter) (WizLab)
  6 deep elf archers
  Pikel (D:6)
  4 harpies (shapeshifter)
  A shadow dragon zombie (Vaults:3)
  4 phantasmal warriors
  8 harpies
  5 necromancers
  4 wizards
  5 shambling mangroves
  A lindwurm (shapeshifter) (WizLab)
  16 ironbrand convokers
  A mana viper (shapeshifter) (WizLab)
  14 orb spiders
  11 orc knights
  56 ugly things
  A manticore (shapeshifter) (Vaults:4)
  A wolf spider (shapeshifter) (Vaults:4)
  49 deep elf magi
  13 hornets
  2 oklob plants (D:13)
  2 human zombies (Vaults:3)
  A moth of wrath (shapeshifter) (Depths:4)
  31 wolf spiders
  8 cyclopes
  4 manticores
  6 orc sorcerers
  2 salamanders (shapeshifter) (WizLab)
  3 griffons
  11 large abominations
  A hornet (shapeshifter) (WizLab)
  10 elephants
  A moth of wrath (Spider:3)
  Joseph (D:9)
  2 guardian serpents (shapeshifter) (WizLab)
  3 black mambas (shapeshifter)
  8 black mambas
  An ice statue (IceCv)
  12 vault sentinels
  A titan simulacrum (Vaults:3)
  A stone giant skeleton (Vaults:3)
  5 centaur zombies
  A guardian serpent (Lair:6)
  16 spiny frogs
  A torpor snail (Lair:5)
  A gargoyle (D:10)
  2 spiny frogs (shapeshifter)
  2 kobold demonologists (D:15)
  6 komodo dragons
  10 freezing wraiths
  42 yaktaurs
  15 demonic crawlers
  2 efreet
  A purple draconian skeleton (Crypt:1)
  3 rime drakes
  A yaktaur (shapeshifter) (Vaults:3)
  A hellwing (Depths:3)
  A tengu conjurer (D:14)
  A queen bee (D:13)
  6 meliai
  18 jumping spiders
  5 trolls
  A meliai (shapeshifter) (WizLab)
  22 polar bears
  A harpy skeleton (D:15)
  2 wind drakes (shapeshifter)
  Prince Ribbit (D:8)
  3 raiju (Lair:6)
  43 two-headed ogres
  18 blink frogs
  8 giant leeches
  5 boulder beetles
  5 slime creatures
  7 bog bodies
  2 two-headed ogres (shapeshifter)
  A raiju (shapeshifter) (WizLab)
  An ettin skeleton (Vaults:3)
  2 ettin zombies (Vaults:3)
  71 redbacks
  10 spriggans
  A centaur simulacrum (D:14)
  12 wyverns
  A wyvern (shapeshifter) (Depths:3)
  42 yaks
  2 shadows
  9 water elementals
  5 air elementals
  A yak (shapeshifter) (Vaults:3)
  21 tarantellas
  4 wraiths
  3 vampires (Vaults:2)
  3 tarantellas (shapeshifter)
  7 fire elementals
  A hog (shapeshifter) (WizLab)
  26 vampire mosquitoes
  A neqoxec (Depths:3)
  3 humans (shapeshifter)
  2 basilisks (Lair:2)
  11 hippogriffs
  A chaos spawn (Depths:3)
  A yaktaur simulacrum (Vaults:3)
  Menkaure (D:7)
  22 insubstantial wisps
  19 swamp worms
  6 mottled dragons
  13 small abominations
  12 wargs
  21 water moccasins
  6 hell hounds
  4 giant eyeballs (WizLab)
  10 porcupines
  33 orc warriors
  4 phantoms
  10 swamp drakes
  27 wasps
  3 eyes of draining
  14 ice beasts
  2 black bears (shapeshifter)
  15 black bears
  5 sky beasts
  52 ogres
  An eye of draining (shapeshifter) (D:15)
  2 necrophages
  24 wolves
  13 centaurs
  5 boggarts
  13 crocodiles
  2 big kobolds
  19 giant frogs
  2 earth elementals (Elf:2)
  3 wyvern zombies
  A gnoll sergeant (D:13)
  A wyvern skeleton (D:14)
  4 scorpions
  A water moccasin skeleton (D:9)
  2 human simulacra
  8 wights
  37 killer bees
  2 howler monkeys (D:10)
  4 electric eels
  6 crimson imps
  2 quasits
  21 orc priests
  17 hounds
  A giant frog skeleton (D:7)
  6 centaur skeletons
  3 jellies
  3 iron imps (Depths:3)
  Jessica (D:3)
  13 iguanas
  26 orc wizards
  18 worker ants
  26 sheep
  A hound zombie (D:8)
  A hound skeleton (D:4)
  13 gnolls
  A howler monkey skeleton (D:9)
  24 adders
  25 river rats
  A river rat (shapeshifter) (Vaults:2)
  4 shadow imps
  2 white imps (Depths:3)
  An ufetubus (Depths:3)
  An adder zombie (D:9)
  3 adder skeletons
  3 worms
  2 dart slugs
  3 giant geckos
  163 orcs
  2 ball pythons (D:4)
  7 giant cockroaches
  12 hobgoblins
  A jackal (D:3)
  8 quokkas
  9 bats
  A giant gecko skeleton (D:8)
  A giant gecko zombie (D:7)
  5 giant newts
  6 goblins
  14 kobolds
  11 rats
  2 crawling corpses (Elf:3)
  A fungus (Lair:6)
  2 plants (Lair:6)
  A spectral weapon (Vaults:2)
2053 creatures vanquished.

Vanquished Creatures (collateral kills)
  A lich (Depths:2)
  Agnes (Spider:3)
  A vault warden (Vaults:2)
  A deep elf elementalist (Elf:3)
  A very ugly thing (WizLab)
  An ironheart preserver (Vaults:4)
  A stone giant (Depths:1)
  5 deep elf demonologists
  3 deep elf annihilators
  A fire dragon (Depths:2)
  A deep elf high priest (Elf:3)
  4 rakshasas
  3 yaktaur captains
  A hydra (Swamp:4)
  A centaur warrior (Vaults:1)
  2 ogre magi
  A deep troll shaman (Vaults:2)
  A deep troll earth mage (D:13)
  2 hell knights (Depths:1)
  A deep elf knight (Elf:3)
  A skeletal warrior (Vaults:3)
  An iron troll (Depths:1)
  A swamp dragon (Swamp:4)
  8 deep trolls
  A giant orange brain (Depths:1)
  A flayed ghost (Depths:3)
  3 deep elf archers (Elf:3)
  4 wolf spiders
  6 orb spiders
  7 deep elf magi
  2 hornets (Spider:4)
  An orc sorcerer (D:15)
  A griffon (Vaults:4)
  6 ugly things
  2 vault sentinels
  A centaur skeleton (D:15)
  11 yaktaurs
  2 polar bears (IceCv)
  8 jumping spiders
  A troll (D:13)
  5 two-headed ogres
  A fire giant simulacrum (Vaults:2)
  2 large abominations (WizLab)
  A shadow (Swamp:4)
  6 tarantellas
  13 redbacks
  10 yaks
  A wraith (Vaults:2)
  2 water elementals (Depths:2)
  A basilisk (D:13)
  2 vampire mosquitoes
  A small abomination (Depths:1)
  A hell hound (Lair:6)
  2 swamp drakes
  4 wasps
  6 orc warriors
  A black bear (Lair:6)
  12 ogres
  2 boggarts (Vaults:1)
  4 wolves (IceCv)
  2 giant frogs
  A big kobold (D:15)
  2 killer bees (D:13)
  A crimson imp (D:11)
  A quasit (D:13)
  4 orc priests
  4 orc wizards
  16 orcs
  3 kobolds (D:15)
  A fungus (Lair:2)
  2 plants (Depths:1)
215 creatures vanquished.

Vanquished Creatures (others)
  A deep elf master archer (Elf:3)
  Aizul (Vaults:4)
  A stone giant (Depths:3)
  A deep elf annihilator (Vaults:4)
  A deep elf high priest (Depths:3)
  2 yaktaur captains
  A spriggan air mage (Depths:3)
  A centaur warrior (Depths:1)
  4 deep elf archers
  A cyclops (Vaults:1)
  A torpor snail (Spider:3)
  4 yaktaurs
  A centaur skeleton (D:13)
  A bog body (Swamp:4)
  A redback (Spider:4)
  A swamp drake (Swamp:3)
  4 killer bees
  A giant frog zombie (D:13)
  2 briar patches (Swamp:4)
  10 fungi
  33 plants
  42 spectral weapons
115 creatures vanquished.

Grand Total: 2383 creatures vanquished

Notes
Turn   | Place    | Note
-------+----------+-------------------------------------------
     0 | D:1      | Leszczynek the Human Skald began the quest for the Orb.
     0 | D:1      | Reached XP level 1. HP: 16/16 MP: 3/3
   200 | D:1      | Reached skill level 1 in Stealth
   200 | D:1      | Reached XP level 2. HP: 8/22 MP: 0/5
   398 | D:1      | Learned a level 2 spell: Shroud of Golubria
   626 | D:1      | Reached skill level 1 in Translocations
   982 | D:1      | Reached XP level 3. HP: 27/27 MP: 2/6
   992 | D:1      | Learned a level 3 spell: Spectral Weapon
  1398 | D:2      | Found an opulent altar of Gozag.
  1977 | D:2      | Reached skill level 1 in Hexes
  1977 | D:2      | Reached skill level 2 in Translocations
  1977 | D:2      | Reached XP level 4. HP: 18/33 MP: 1/7
  3314 | D:3      | Reached XP level 5. HP: 36/38 MP: 8/8
  3335 | D:3      | of course when i don't want to use maces & flails, i find morningstar on d:3
  3458 | D:3      | Noticed Jessica
  3481 | D:3      | Killed Jessica
  3481 | D:3      | Reached skill level 2 in Hexes
  3722 | D:3      | Found a white marble altar of Elyvilon.
  3970 | D:3      | Reached skill level 3 in Hexes
  4406 | D:4      | Reached XP level 6. HP: 12/44 MP: 2/9
  4851 | D:4      | Noticed an ogre
  4911 | D:4      | Noticed a sky beast
  4966 | D:4      | ...
  4973 | D:3      | Reached skill level 4 in Charms
  4982 | D:3      | Reached skill level 4 in Hexes
  5016 | D:3      | go down stairs, 2 orc priests and 2 normal orcs are surrounding you, literally next to you
  5016 | D:3      | very fair
  5016 | D:3      | good thing that last un-ID'd potion was haste
  5244 | D:4      | Noticed an ogre
  5587 | D:4      | oh okay
  5587 | D:4      | there are two
  5657 | D:3      | 21 21 and 14 failed
  5657 | D:3      | i'm dead
  5657 | D:3      | 0,6% chance of this happening
  5657 | D:3      | by the way
  5689 | D:3      | orc with an elec whip and a chain mail
  5689 | D:3      | there goes my last !HW
  6118 | D:5      | Entered Level 5 of the Dungeon
  6256 | D:5      | Noticed a sky beast
  6291 | D:5      | so
  6291 | D:5      | do i fight with an ogre
  6291 | D:5      | or with a sky beast
  6291 | D:5      | ex dee
  6291 | D:5      | or i can teleport on an unexplored level
  6291 | D:5      | let's try an ogre
  6308 | D:5      | i *think* i can win if i get lucky enough
  6336 | D:4      | HP: 2/44 [ogre/giant club (18)]
  6337 | D:4      | Killed an ogre
  6337 | D:4      | Reached skill level 2 in Dodging
  6337 | D:4      | Reached XP level 7. HP: 2/50 MP: 2/11
  6338 | D:4      | yeah, lucky enough
  6338 | D:4      | jesus
  6850 | D:5      | Reached skill level 3 in Spellcasting
  7065 | D:5      | Gained mutation: You are weak. (Str -2) [potion of mutation]
  7065 | D:5      | Gained mutation: Scrolls take you a little longer to read. [potion of mutation]
  7065 | D:5      | Gained mutation: You have a pair of small horns on your head. [potion of mutation]
  7066 | D:5      | Gained mutation: You are resistant to electric shocks. (rElec) [potion of mutation]
  7066 | D:5      | Lost mutation: You are weak. (Str -2) [potion of mutation]
  7066 | D:5      | Gained mutation: You have a somewhat thin skeletal structure. (Dex +2, Stealth) [potion of mutation]
  7067 | D:5      | that blurry vision will come back to bite me in the ass
  7294 | D:5      | Reached skill level 2 in Stealth
  7309 | D:5      | Reached skill level 3 in Dodging
  7392 | D:5      | Reached skill level 3 in Fighting
  7392 | D:5      | Reached XP level 8. HP: 53/58 MP: 3/12
  7827 | D:5      | Reached skill level 4 in Dodging
  7841 | D:5      | Reached skill level 4 in Fighting
  7888 | D:6      | Found a stormy altar of Qazlal.
  7893 | D:6      | Found a bloodstained altar of Trog.
  8052 | D:6      | Found a shadowy altar of Dithmenos.
  8056 | D:6      | Found a basalt altar of Yredelemnul.
  8056 | D:6      | Found an oddly glowing altar of Pakellas.
  8195 | D:6      | i'd prefer to find a chei altar when i still have to only face ants and orcs
  8195 | D:6      | rather than centaurs, orc warriors and yaks
  8271 | D:6      | but of course you can't have nice things
  8374 | D:6      | Noticed Pikel
  8608 | D:6      | Killed Pikel
  8608 | D:6      | Reached skill level 5 in Fighting
  8608 | D:6      | Reached skill level 1 in Maces & Flails
  8608 | D:6      | Reached skill level 1 in Slings
  8608 | D:6      | Reached skill level 5 in Dodging
  8608 | D:6      | Reached XP level 9. HP: 56/68 MP: 6/13
  8798 | D:7      | talking about centaurs
  8803 | D:7      | Reached skill level 2 in Maces & Flails
  8805 | D:7      | Reached skill level 2 in Slings
  8805 | D:7      | Reached skill level 6 in Dodging
  8814 | D:7      | Noticed Menkaure
  8907 | D:7      | Found a staircase to the Ecumenical Temple.
  8917 | Temple   | Entered the Ecumenical Temple
  8949 | Temple   | Became a worshipper of Cheibriados the Contemplative
  9023 | D:7      | Noticed Duvessa
  9023 | D:7      | Noticed Dowan
  9047 | D:7      | waiiit, why do i have 19 dex again
  9047 | D:7      | that's +7, +3 from level ups, +1 from auto (other went to int)
  9047 | D:7      | what am i missing
  9047 | D:7      | +2 from mutation
  9047 | D:7      | still +1 missing
  9049 | D:7      | i have no idea
  9263 | D:7      | Reached skill level 6 in Fighting
  9425 | D:7      | Killed Menkaure
  9425 | D:7      | Reached skill level 1 in Bows
  9432 | D:7      | one hit kill
  9432 | D:7      | wat
  9440 | D:7      | Reached skill level 1 in Invocations
 10100 | D:8      | Found a staircase to the Lair.
 10134 | D:8      | Reached skill level 1 in Shields
 10135 | D:8      | Reached * piety under Cheibriados
 10162 | D:8      | Noticed Prince Ribbit
 10251 | D:8      | Killed Prince Ribbit
 10251 | D:8      | Reached skill level 3 in Shields
 10469 | D:8      | Reached skill level 4 in Shields
 10473 | D:8      | Reached XP level 10. HP: 76/76 MP: 0/14
 10492 | D:8      | Reached skill level 5 in Shields
 10500 | D:8      | thank god for that !lignification found on the same level
 10694 | D:8      | Reached skill level 2 in Invocations
 11028 | D:8      | Found a roughly hewn altar of Beogh.
 11039 | D:8      | Reached ** piety under Cheibriados
 11337 | D:8      | Reached skill level 1 in Throwing
 11343 | D:8      | Reached skill level 3 in Maces & Flails
 11615 | Lair:1   | Entered Level 1 of the Lair of Beasts
 11626 | Lair:1   | lair
 11695 | D:9      | Found Zihe's Weapon Boutique.
 11752 | D:8      | Found a radiant altar of Vehumet.
 11828 | D:9      | Learned a level 6 spell: Simulacrum
 11867 | D:9      | Noticed Joseph
 11879 | D:9      | Reached *** piety under Cheibriados
 11936 | D:9      | Reached skill level 1 in Ice Magic
 11961 | D:9      | Learned a level 3 spell: Regeneration
 11991 | D:9      | Killed Joseph
 11991 | D:9      | Reached skill level 7 in Dodging
 11991 | D:9      | Reached skill level 1 in Necromancy
 11999 | D:9      | Found a roughly hewn altar of Beogh.
 12025 | D:9      | Found a staircase to the Orcish Mines.
 12258 | D:9      | the problem with long blades
 12258 | D:9      | is that you may go all the way to d:10 and lair
 12258 | D:9      | and find nothing more than a +0 falchion
 12270 | D:9      | Reached skill level 2 in Ice Magic
 12390 | D:9      | Reached skill level 2 in Necromancy
 12461 | D:10     | Entered Level 10 of the Dungeon
 12643 | D:10     | Noticed a hill giant
 12662 | D:10     | Killed a hill giant
 12662 | D:10     | Reached skill level 4 in Maces & Flails
 12993 | D:10     | Reached **** piety under Cheibriados
 12993 | D:10     | Reached XP level 11. HP: 79/79 MP: 9/15
 13000 | D:10     | Reached skill level 3 in Ice Magic
 13005 | D:10     | Reached skill level 3 in Necromancy
 13093 | D:10     | Reached skill level 5 in Maces & Flails
 13093 | D:10     | Reached skill level 8 in Dodging
 13231 | D:10     | Found Xeomp's Jewellery Shoppe.
 13234 | D:10     | Bought an uncursed ring of poison resistance for 240 gold pieces
 13459 | D:10     | Noticed a hill giant
 13477 | D:10     | Killed a hill giant
 13477 | D:10     | Reached skill level 6 in Maces & Flails
 13871 | Lair:1   | Reached skill level 3 in Invocations
 14000 | Lair:1   | Reached skill level 7 in Maces & Flails
 14112 | Lair:1   | Reached ***** piety under Cheibriados
 14123 | Lair:1   | Reached skill level 4 in Invocations
 14189 | Lair:1   | Gained mutation: Your muscles are strong. (Str +2) [potion of beneficial mutation]
 14472 | Lair:1   | Reached skill level 8 in Maces & Flails
 14839 | Lair:2   | Noticed Erica
 14869 | Lair:2   | erica
 14869 | Lair:2   | ooooooh
 14869 | Lair:2   | noice
 14966 | Lair:2   | Reached skill level 3 in Long Blades
 14988 | Lair:2   | Killed Erica
 14988 | Lair:2   | Reached skill level 4 in Long Blades
 14988 | Lair:2   | Reached skill level 5 in Invocations
 14988 | Lair:2   | Reached XP level 12. HP: 86/86 MP: 8/16
 15000 | Lair:2   | and there it is, a scimitar of flaming
 15000 | Lair:2   | but that's the problem
 15000 | Lair:2   | i'm xl 12, it's lair:2
 15000 | Lair:2   | and the second best long blade that has spawned so far is a +0 falchion
 15419 | Lair:2   | Reached skill level 5 in Long Blades
 15550 | Lair:2   | Reached skill level 6 in Invocations
 15573 | Lair:2   | Reached skill level 6 in Long Blades
 15653 | Lair:2   | Noticed a catoblepas
 15903 | Lair:3   | Found a staircase to the Swamp.
 15945 | Lair:3   | swamp, hopefully there'll be a WDA to get there
 15971 | Lair:3   | rpois, rf, rc, rcorr ring by lair 3 and MR+ ring in a shop
 15973 | Lair:3   | lucky
 16213 | Lair:3   | Reached skill level 7 in Long Blades
 16375 | Lair:3   | Found a hole to the Spider Nest.
 16575 | Lair:4   | Reached ****** piety under Cheibriados
 16585 | Lair:4   | Reached skill level 8 in Long Blades
 16591 | Lair:4   | the fuck
 16968 | Lair:4   | Reached skill level 9 in Long Blades
 17032 | Lair:4   | Noticed a five-headed hydra
 17036 | Lair:4   | well, do or die
 17051 | Lair:4   | Killed a one-headed hydra
 17082 | Lair:4   | Reached XP level 13. HP: 91/91 MP: 10/18
 17481 | Lair:5   | Reached skill level 10 in Long Blades
 17553 | Lair:5   | Learned a level 4 spell: Passage of Golubria
 17558 | Lair:5   | Learned a level 4 spell: Summon Lightning Spire
 17584 | Lair:5   | Reached skill level 1 in Air Magic
 17637 | Lair:5   | Found a viscous altar of Jiyva.
 17637 | Lair:5   | Found a staircase to the Slime Pits.
 17810 | Lair:5   | Reached skill level 2 in Air Magic
 17897 | Lair:5   | Reached skill level 11 in Long Blades
 18509 | Lair:5   | Reached skill level 3 in Air Magic
 18628 | Lair:6   | Entered Level 6 of the Lair of Beasts
 18631 | Lair:6   | eh, these two
 18631 | Lair:6   | at least combined loot has a chance to be decent
 18664 | Lair:6   | Found a dark tunnel.
 18759 | Volcano  | Entered a volcano
 18760 | Volcano  | ugh
 18760 | Volcano  | this one is bad for chei
 18779 | Volcano  | Reached skill level 4 in Air Magic
 18843 | Volcano  | i didn't get to two pockets :/
 18843 | Volcano  | fuck timed things with chei
 19022 | Lair:6   | Reached skill level 12 in Long Blades
 19064 | Lair:6   | Reached skill level 5 in Air Magic
 19178 | Lair:6   | Reached skill level 1 in Summonings
 19185 | Lair:6   | Reached XP level 14. HP: 36/99 MP: 11/19
 19484 | Lair:6   | Reached skill level 2 in Summonings
 19596 | Lair:6   | Reached skill level 3 in Summonings
 19630 | Lair:6   | Reached skill level 6 in Air Magic
 19639 | Lair:6   | slouch harms your spectral weapon?
 19639 | Lair:6   | you learn new things every day
 19928 | Lair:6   | Reached skill level 4 in Summonings
 20004 | Lair:6   | Reached skill level 7 in Fighting
 20004 | Lair:6   | Reached skill level 3 in Translocations
 20118 | Lair:6   | Identified the +1 falchion of Attiy {pain, MR+ Int+4} (You found it on level 6 of the Lair of Beasts)
 20233 | Lair:6   | Reached skill level 5 in Summonings
 20237 | Lair:6   | Reached skill level 13 in Long Blades
 20471 | Lair:6   | Reached skill level 4 in Translocations
 20803 | Orc:1    | Entered Level 1 of the Orcish Mines
 20880 | D:10     | Bought an uncursed ring of protection from magic for 300 gold pieces
 21132 | Orc:1    | Reached skill level 8 in Fighting
 21132 | Orc:1    | Reached skill level 5 in Translocations
 21133 | Orc:1    | not the prettiest way to do it
 21133 | Orc:1    | but the safest for sure
 21202 | Orc:1    | Upgraded the game from 0.19-a0-1051-gdb7e7f8 to 0.19-a0-1057-g15bb84d
 21481 | Orc:1    | Reached skill level 6 in Summonings
 21695 | Orc:2    | Entered Level 2 of the Orcish Mines
 21765 | Orc:2    | Reached XP level 15. HP: 99/108 MP: 8/20
 22194 | Orc:2    | Found a staircase to the Elven Halls.
 22388 | Orc:2    | Reached skill level 2 in Throwing
 22395 | Orc:2    | Reached skill level 6 in Translocations
 22663 | Orc:2    | fug
 22663 | Orc:2    | ah, venom bolt "only"
 22663 | Orc:2    | could be worse
 22673 | Orc:2    | Reached skill level 3 in Throwing
 22829 | Orc:2    | Found Bounous's Book Emporium.
 22846 | Orc:2    | Found Raaluf's Armour Shop.
 22854 | Orc:2    | Found Tihuveza's Armour Emporium.
 22854 | Orc:2    | Found Angear's Gadget Boutique.
 22900 | Orc:2    | Bought a +0 pair of boots for 67 gold pieces
 22900 | Orc:2    | Bought a +1 hat for 165 gold pieces
 22911 | Orc:2    | Bought a +3 scale mail of poison resistance for 299 gold pieces
 23214 | D:11     | Found Hymmie Iqow's Weapon Shoppe.
 23338 | D:11     | Found a frozen archway.
 23372 | IceCv    | Entered an ice cave
 23377 | IceCv    | Reached skill level 2 in Armour
 23422 | IceCv    | 12-17% failure chance is actually 50% according to this game
 23435 | IceCv    | Reached skill level 3 in Armour
 23610 | IceCv    | Gained mutation: You have an increased reservoir of magic. (+10% MP) [potion of beneficial mutation]
 23801 | IceCv    | Reached skill level 4 in Armour
 23896 | IceCv    | Noticed a frost giant
 23897 | IceCv    | ugh
 23900 | IceCv    | Reached skill level 5 in Armour
 23957 | IceCv    | all two handed weapons
 23957 | IceCv    | fuck
 24011 | IceCv    | Killed a frost giant
 24252 | D:11     | Reached skill level 4 in Throwing
 24319 | D:11     | Reached skill level 6 in Armour
 24389 | D:11     | Bought a +0 blowgun for 40 gold pieces
 24868 | D:11     | Noticed a frost giant
 24882 | D:11     | Killed a frost giant
 24882 | D:11     | Reached skill level 7 in Armour
 25257 | D:11     | Reached skill level 5 in Throwing
 25262 | D:11     | cool vault
 25276 | D:11     | looks neat and tells you what the loot is without revealing what you'll have to fight against to reach it
 25525 | D:12     | Found Ygar's Book Boutique.
 25561 | D:12     | Noticed Azrael
 25626 | D:12     | Killed Azrael
 25626 | D:12     | Reached XP level 16. HP: 68/116 MP: 12/23
 25669 | D:12     | Reached skill level 8 in Armour
 25980 | D:10     | Bought the amulet of Emingi {Regen+ Int+2} for 494 gold pieces
 26312 | D:13     | Reached skill level 6 in Throwing
 26351 | D:13     | Reached skill level 4 in Spellcasting
 26725 | D:13     | Reached skill level 9 in Dodging
 26952 | D:13     | Reached skill level 9 in Fighting
 27188 | D:13     | Reached skill level 7 in Throwing
 27563 | D:14     | Found a gate to the Vaults.
 27717 | D:14     | Reached skill level 5 in Spellcasting
 27891 | D:14     | Reached skill level 8 in Throwing
 28005 | D:14     | Found a shattered altar of Ashenzari.
 28524 | D:15     | Entered Level 15 of the Dungeon
 28886 | D:15     | Reached skill level 9 in Throwing
 28908 | D:15     | Found a staircase to the Depths.
 28921 | D:15     | Reached XP level 17. HP: 127/127 MP: 25/27
 29257 | D:15     | Reached skill level 10 in Fighting
 29476 | D:15     | Reached skill level 14 in Long Blades
 29826 | Orc:2    | Bought a book of Beasts for 660 gold pieces
 29829 | Orc:2    | Learned a level 1 spell: Animate Skeleton
 29831 | Orc:2    | Learned a level 1 spell: Summon Butterflies
 29837 | Orc:2    | Learned a level 5 spell: Summon Mana Viper
 30117 | Swamp:1  | Entered Level 1 of the Swamp
 30142 | Swamp:1  | Reached skill level 6 in Shields
 30355 | Swamp:1  | Reached skill level 3 in Slings
 30389 | Swamp:1  | fuggggggg
 30526 | Swamp:1  | Noticed Roxanne
 30688 | Swamp:1  | Reached skill level 5 in Hexes
 31214 | Swamp:2  | Upgraded the game from 0.19-a0-1057-g15bb84d to 0.19-a0-1065-gdac414d
 31260 | Swamp:2  | Reached skill level 7 in Shields
 31963 | Swamp:3  | Reached skill level 6 in Hexes
 32016 | Swamp:3  | Reached skill level 11 in Fighting
 32142 | Swamp:3  | Identified the cursed +0 chain mail of Weightlessness {rElec rC+++ Str-4 Stlth+} (You found it on level 3 of the Swamp)
 32391 | Swamp:4  | Entered Level 4 of the Swamp
 32566 | Swamp:4  | Noticed a thorn hunter
 32588 | Swamp:3  | tough
 32767 | Swamp:4  | Reached XP level 18. HP: 117/139 MP: 11/28
 32782 | Swamp:3  | Reached skill level 7 in Hexes
 32894 | Swamp:4  | Reached skill level 12 in Fighting
 33070 | Swamp:4  | Got a decaying rune of Zot
 33304 | Swamp:4  | Reached skill level 6 in Spellcasting
 33480 | Spider:1 | Entered Level 1 of the Spider Nest
 33487 | Spider:1 | Reached skill level 7 in Invocations
 33558 | Spider:1 | Reached skill level 10 in Throwing
 34081 | Spider:1 | wew lad
 34230 | Spider:1 | You fall through a shaft!
 34336 | Spider:2 | Reached skill level 11 in Throwing
 34380 | Spider:2 | Reached skill level 8 in Invocations
 34641 | Spider:2 | Noticed Arachne
 34654 | Spider:2 | Killed Arachne
 34798 | Spider:2 | Noticed Jorgrun
 34798 | Spider:2 | fug
 34816 | Spider:2 | Killed Jorgrun
 34816 | Spider:2 | Reached skill level 4 in Slings
 35265 | Spider:3 | Reached skill level 9 in Invocations
 35453 | Spider:3 | Noticed Asterion
 35462 | Spider:3 | Killed Asterion
 35480 | Spider:3 | thx m8
 35555 | Spider:3 | Noticed Nikola
 35574 | Spider:3 | Reached XP level 19. HP: 108/147 MP: 21/30
 35590 | Spider:3 | Killed Nikola
 35622 | Spider:3 | Reached skill level 5 in Slings
 35709 | Spider:3 | Noticed Agnes
 35717 | Spider:3 | Killed Agnes
 35817 | Spider:3 | Reached skill level 10 in Invocations
 36186 | Spider:4 | Entered Level 4 of the Spider Nest
 36284 | Spider:4 | Noticed Donald
 36318 | Spider:4 | Reached skill level 7 in Summonings
 36326 | Spider:4 | Killed Donald
 36677 | Spider:4 | Reached skill level 6 in Slings
 37147 | Spider:4 | Reached skill level 11 in Invocations
 37617 | Spider:4 | Reached skill level 8 in Summonings
 37773 | Spider:4 | Got a gossamer rune of Zot
 38182 | Orc:2    | Bought a +3 ring mail of magic resistance for 338 gold pieces
 38383 | Vaults:1 | Entered Level 1 of the Vaults
 38515 | Vaults:1 | Reached skill level 7 in Slings
 38567 | Vaults:1 | Found a portal to a secret trove of treasure.
 38574 | Vaults:1 | trove: +2 shadow dragon armour
 38574 | Vaults:1 | super easy
 38687 | Vaults:1 | Found Cuwnypt's Book Shoppe.
 38880 | Vaults:1 | Reached skill level 8 in Hexes
 39016 | Vaults:1 | summoners summoning summoners summoning summoners
 39016 | Vaults:1 | cute
 39016 | Vaults:1 | i should've went with no shield and a bow or a crossbow
 39031 | Vaults:1 | Reached skill level 8 in Slings
 39036 | Vaults:1 | Reached XP level 20. HP: 90/154 MP: 22/31
 39180 | Vaults:1 | Got a sparkling bone ring
 39183 | Vaults:1 | Identified the ring "Cykerghie" {rPois rC++ rN+ Str+3 Dex-4} (You found it on level 1 of the Vaults)
 39183 | Vaults:1 | :O
 39422 | Vaults:1 | Reached skill level 5 in Charms
 39834 | Vaults:2 | Reached skill level 9 in Slings
 39834 | Vaults:2 | Reached skill level 7 in Spellcasting
 39865 | Vaults:2 | Noticed Margery
 39878 | Vaults:2 | Killed Margery
 39878 | Vaults:2 | Reached skill level 6 in Charms
 40111 | Vaults:2 | Got a steaming lead ring
 40114 | Vaults:2 | Identified the ring of Ketimp {Dex+4 SInv} (You found it on level 2 of the Vaults)
 40287 | Vaults:2 | Reached skill level 3 in Stealth
 40385 | Vaults:2 | Found a staircase to the Crypt.
 40641 | Vaults:2 | Reached skill level 7 in Charms
 40644 | Vaults:2 | Reached skill level 4 in Stealth
 40687 | Vaults:2 | HP: 11/154 [deep troll[an ironheart preserver] (16)]
 40688 | Vaults:2 | oooops
 40759 | Vaults:2 | that was a string of bad choices
 41248 | Vaults:2 | Reached skill level 8 in Spellcasting
 41320 | Vaults:2 | so what else do i need
 41320 | Vaults:2 | abj aura
 41320 | Vaults:2 | dispel undead maybe
 41320 | Vaults:2 | dmsl/rmsl
 41524 | Vaults:3 | Reached XP level 21. HP: 160/160 MP: 36/36
 41552 | Vaults:3 | Reached skill level 5 in Stealth
 41561 | Vaults:3 | sentinel's mark needs a line of fire right
 41592 | Vaults:3 | Reached skill level 10 in Dodging
 41698 | Vaults:3 | Reached skill level 8 in Charms
 41831 | Vaults:3 | let's hope reflection works well
 41854 | Vaults:3 | Reached skill level 7 in Air Magic
 41861 | Vaults:3 | phew
 42022 | Vaults:3 | Noticed Sojobo
 42543 | Vaults:4 | Reached skill level 8 in Shields
 42726 | Vaults:4 | Found Omnussag's Antique Armour Emporium.
 42734 | Vaults:4 | Bought a runed cloak for 193 gold pieces
 42888 | Vaults:4 | Reached skill level 9 in Shields
 43124 | Vaults:4 | Got a pair of faintly glowing boots
 43135 | Vaults:4 | Identified the +1 pair of boots of the Marlin {*Confuse rC+ Int+3 Slay+3} (You found it on level 4 of the Vaults)
 43135 | Vaults:4 | >*confuse
 43135 | Vaults:4 | fuck off
 43298 | Vaults:4 | Found Ibbisuywk's Distillery.
 43307 | Vaults:4 | Found Woybrunai's General Store.
 43316 | Vaults:4 | Bought a +0 shield of protection for 195 gold pieces
 43316 | Vaults:4 | Bought a scroll of identify for 34 gold pieces
 43338 | Vaults:4 | Bought a potion of curing for 36 gold pieces
 43338 | Vaults:4 | Bought a potion of heal wounds for 60 gold pieces
 43338 | Vaults:4 | Bought a potion of cancellation for 96 gold pieces
 43338 | Vaults:4 | Bought 2 potions of curing for 72 gold pieces
 43338 | Vaults:4 | Bought a potion of resistance for 120 gold pieces
 43338 | Vaults:4 | Bought a potion of agility for 48 gold pieces
 43338 | Vaults:4 | Bought a potion of invisibility for 96 gold pieces
 43402 | Vaults:4 | ughhhhhh
 43561 | D:14     | Learned a level 2 spell: Passwall
 43637 | Vaults:1 | Reached skill level 1 in Transmutations
 43637 | Vaults:1 | Reached skill level 1 in Earth Magic
 43859 | Vaults:4 | Reached skill level 2 in Transmutations
 43859 | Vaults:4 | Reached skill level 2 in Earth Magic
 43869 | Vaults:4 | Noticed Aizul
 43876 | Vaults:4 | Killed Aizul
 43996 | Vaults:4 | Found Fyowoa's Book Shoppe.
 44086 | Vaults:4 | Reached skill level 3 in Transmutations
 44133 | Vaults:4 | Found Sequonil's Antique Weapon Shoppe.
 44142 | Vaults:3 | Reached skill level 3 in Earth Magic
 44416 | Vaults:3 | Reached skill level 4 in Earth Magic
 44418 | Vaults:3 | Reached skill level 4 in Transmutations
 44464 | Vaults:3 | Reached skill level 10 in Shields
 44618 | Vaults:3 | Reached XP level 22. HP: 167/167 MP: 37/37
 44891 | Vaults:4 | Got a dazzling ring mail
 44902 | Vaults:4 | Identified the +2 ring mail "Dougiarch" {-Cast +Blink MR+ Regen+} (You found it on level 4 of the Vaults)
 44902 | Vaults:4 | >-cast
 44902 | Vaults:4 | W H Y
 44968 | Vaults:3 | Reached skill level 11 in Shields
 45156 | Crypt:1  | Entered Level 1 of the Crypt
 45373 | Crypt:1  | Found a magical portal.
 45378 | WizLab   | Entered Cigotuvi's Fleshworks
 45379 | WizLab   | fleshworks, that's a good one
 45391 | WizLab   | except for going through the fog with chei
 45632 | WizLab   | Reached skill level 12 in Shields
 45680 | WizLab   | Paralysed by a giant eyeball for 3 turns
 45728 | WizLab   | Got a pitted platinum ring
 45731 | WizLab   | Identified the ring of Xom's Entertainment {Fire MR+} (You found it in a wizard's laboratory)
 45770 | WizLab   | Reached skill level 9 in Charms
 45997 | WizLab   | Identified Cigotuvi's Reference Book on Ghastly Transmigration
 46021 | WizLab   | Reached skill level 6 in Stealth
 46021 | WizLab   | Reached skill level 8 in Air Magic
 46064 | WizLab   | Gained mutation: You are somewhat resistant to further mutation. [potion of beneficial mutation]
 46067 | WizLab   | rMut
 46067 | WizLab   | nice
 46067 | WizLab   | also, i got rMut in a game where i have 10 cMut before elf and depths
 46067 | WizLab   | pretty retarded
 46320 | Vaults:1 | Bought a book of Enchantments for 1050 gold pieces
 46330 | Vaults:1 | Learned a level 6 spell: Deflect Missiles
 46578 | Elf:1    | Entered Level 1 of the Elven Halls
 46579 | Elf:1    | Upgraded the game from 0.19-a0-1065-gdac414d to 0.19-a0-1068-g99dd0f4
 47261 | Elf:1    | Found Nieval's Armour Boutique.
 47267 | Elf:1    | >+4 ring mail {Str+10}
 47388 | Elf:1    | Reached skill level 9 in Air Magic
 47511 | Elf:2    | Found Zuvy's Weapon Shop.
 47720 | Elf:2    | Reached skill level 10 in Charms
 47751 | Elf:2    | Found a huge runed gate.
 47751 | Elf:2    | Found a huge runed gate.
 47751 | Elf:2    | Found a huge runed gate.
 47754 | Elf:2    | Found a huge runed gate.
 47755 | Elf:2    | Found a huge runed gate.
 48087 | Elf:3    | Entered Level 3 of the Elven Halls
 48088 | Elf:3    | no magic mapping :/
 48138 | Elf:3    | you know, doing this is probably a suicide
 48138 | Elf:3    | i can't dig a hole
 48138 | Elf:3    | i can't run
 48138 | Elf:3    | guess i'll slouch the shit out of everything and pray
 48313 | Elf:3    | Found Legil's General Store.
 48365 | Elf:3    | Reached XP level 23. HP: 173/173 MP: 38/38
 48391 | Elf:3    | Identified the +4 glaive "Fueqin" {vamp, Dex+3} (You found it on level 3 of the Elven Halls)
 48391 | Elf:3    | vamp
 48391 | Elf:3    | ehhh
 48547 | Elf:3    | Reached skill level 10 in Air Magic
 48805 | Elf:3    | Reached skill level 11 in Charms
 48837 | Elf:3    | Reached skill level 13 in Shields
 49024 | Elf:3    | Identified the +10 plate armour of Piugh {rPois rC+ Regen+} (You found it on level 3 of the Elven Halls)
 49024 | Elf:3    | wow
 49031 | Elf:3    | >13 potions of cure mutation
 49031 | Elf:3    | w h y
 49112 | Elf:3    | Identified Sif Muna's Grimoire of Snow and Poisoning (You found it on level 3 of the Elven Halls)
 49152 | Elf:3    | Identified the Collected Works on the Vitriolic Birds
 49581 | Depths:1 | Entered Level 1 of the Depths
 50151 | Depths:1 | Found a gateway to Hell.
 50177 | Depths:1 | Reached skill level 11 in Air Magic
 50367 | Depths:1 | >randart arbalest
 50367 | Depths:1 | where's my randart greatsling hmmmmmmm
 50456 | Depths:1 | Identified the +8 chain mail of the Aged Lies {+Inv rCorr Dex-3 SInv} (You found it on level 1 of the Depths)
 50507 | Depths:1 | Reached skill level 14 in Shields
 50747 | Depths:1 | Reached skill level 9 in Armour
 50859 | Depths:2 | Found a gateway to a ziggurat.
 51078 | Depths:2 | Reached XP level 24. HP: 62/180 MP: 29/38
 51537 | Depths:2 | Reached skill level 15 in Shields
 51569 | Depths:2 | Identified the Incunabulum of the Snowflakes
 51804 | Depths:2 | Reached skill level 10 in Armour
 51996 | Depths:3 | Noticed Mennas
 51996 | Depths:3 | fug
 52022 | Depths:3 | Killed Mennas
 52022 | Depths:3 | Reached skill level 12 in Air Magic
 52309 | Depths:3 | Found a one-way gate leading to the halls of Pandemonium.
 52367 | Depths:3 | Reached skill level 9 in Spellcasting
 52741 | Depths:3 | Noticed a caustic shrike
 52769 | Depths:3 | Killed a caustic shrike
 52769 | Depths:3 | Reached skill level 13 in Fighting
 52892 | Depths:3 | Noticed a golden dragon
 52909 | Depths:3 | Killed a golden dragon
 52944 | Depths:3 | Found a one-way gate to the infinite horrors of the Abyss.
 53051 | Depths:3 | Noticed a juggernaut
 53090 | Depths:3 | Killed a juggernaut
 53108 | Depths:3 | Identified the +6 scimitar of Cobwebs {slice, MR+} (You found it on level 3 of the Depths)
 53295 | Depths:3 | Paralysed by a great orb of eyes for 5 turns
 53333 | Depths:4 | Reached skill level 10 in Spellcasting
 53444 | Depths:4 | Found Beock's Jewellery Emporium.
 53444 | Depths:4 | Found Miusejoq's Assorted Antiques.
 53453 | Depths:4 | Found Ofacyel's Antique Armour Emporium.
 53484 | Depths:4 | always attack with ctrl
 53484 | Depths:4 | or do one action per 2 seconds
 53484 | Depths:4 | otherwise stupid shit WILL happen
 53536 | Depths:4 | Reached XP level 25. HP: 136/188 MP: 40/40
 53556 | Depths:4 | HP: 9/188 [death yak[a spriggan berserker] (33)]
 53557 | Depths:4 | Slain by a vampire knight

Vault maps used:
D:1:      minmay_arrival_solitary_statue, serial_bayou_ford_a,
          minmay_tetromino_s2
D:2:      lemuel_round_altar, first_bread
D:3:      elyvilon_altar_1, uniq_jessica
D:6:      minitemple, grunt_temple_overflow_open, uniq_pikel
D:7:      uniq_duvessa, uniq_menkaure
D:8:      lemuel_upstairs_altar, lair_0_dummy, special_room, uniq_prince_ribbit1
D:9:      david_orc_5, serial_shops, shop_statue, uniq_joseph
D:10:     serial_shops, kennysheep_mini
D:11:     wad_statue_garden, serial_shops, nicolae_shop_statue_plus,
          portal_ice_cave_entry_ice_beasts
D:12:     serial_shops, shop, uniq_azrael
D:13:     regret_index_harrowing_hell_hive
D:14:     erik_vaults_1, lemuel_round_altar
D:15:     grunt_enter_depths_magical_seal
Temple:   nicolae_temple_elliptical
Lair:1:   infiniplex_staircase_pool, grunt_megastairs_2
Lair:2:   grunt_megastairs_1, bh_autumn_forest_stairs, lemuel_fruit_fields,
          uniq_erica
Lair:3:   minmay_swamp_entry_swarm, spider_nest_entry_a
Lair:4:   minmay_lair_venomous_thicket
Lair:5:   slime_altar_1, st_stairs_11, serial_bayou_shore_b
Lair:6:   hangedman_lair_tendril_chambers, hangedman_lair_caniforms_friends,
          nicolae_volcano_entry_two_sided
Swamp:1:  serial_swamp_ruin, evilmike_swamp_ruin_house_4,
          evilmike_swamp_ruin_house_6, hangedman_swamp_ruin_hall, uniq_roxanne
Swamp:2:  evilmike_swamp_ruin_house_2
Swamp:3:  nicolae_swamp_fairy_circle, swamp_pool4, nicolae_swamp_stair_fork
Swamp:4:  swamp_alternative, swamp_pool2
Spider:1: spider_trap
Spider:2: guppyfry_wasp_nest, uniq_jorgrun, uniq_arachne
Spider:3: nicolae_spider_webs_and_nodes, nicolae_spider_webbed_stairs,
          nicolae_spider_cling_ruins, uniq_agnes, uniq_nikola, uniq_asterion
Spider:4: spider_rune_water, uniq_donald
Orc:2:    st_orc_ogre_mass
Elf:1:    serial_shops, shop, minmay_elf_crystal_hexagon, hex_tiny,
          feat_on_display
Elf:2:    serial_shops, shop, grunt_ministairs_1
Elf:3:    grunt_elf_hall_spiral, serial_shops, shop
Vaults:1: nicolae_vaults_octagons, vaults_standard_mumra_lines,
          nicolae_vaults_network_s, ontoclasm_vaults_gateway,
          nicolae_vaults_little_squares_1, nicolae_vaults_disjoint_gnomons,
          nicolae_vaults_asterisk, nicolae_vaults_little_squares_1,
          hangedman_vaults_river_flow, nicolae_vaults_little_squares_3,
          v_misc_12, ontoclasm_vaults_ring_square, vaults_room_corners,
          serial_shops, shop, enter_trove_0
Vaults:2: nicolae_vaults_windows_and_doors_thing, hangedman_vaults_stitches,
          minmay_crypt_entry_vampire_xt, hangedman_vaults_impose,
          ontoclasm_vaults_fault, v_misc_8, st_cells, v_misc_19,
          vaults_room_door_ring, nicolae_vaults_shelves_hall,
          vaults_room_semicircle, nicolae_vaults_gold_heap, uniq_margery
Vaults:3: v_misc_13, nicolae_vaults_display_case,
          nicolae_vaults_little_squares_3, dpeg_vaults_monster_box,
          nicolae_vaults_back_hallway, hangedman_vaults_trim,
          nicolae_vaults_big_ls, ontoclasm_vaults_tryst, grunt_vaults_trifunnel,
          hangedman_vaults_stretched_pinwheel, nicolae_vaults_mini_display_case,
          grunt_vaults_funnel, nicolae_vaults_theta, uniq_sojobo
Vaults:4: nicolae_vaults_sealed_display, ontoclasm_vaults_claustrophobia,
          st_cells, nicolae_vaults_rhombus_6, serial_shops,
          nicolae_shop_behind_doors, nicolae_shop_competitors_out_of_business,
          nicolae_shop_waterfront, shop, nicolae_shop_stone, uniq_aizul
Crypt:1:  minmay_shadows, mu_enter_wizlab_2, grunt_crypt_arrival_split
Depths:1: grunt_metal_band, laboratory, roderic_lattice_octagonal_star,
          serial_bayou_shore_a
Depths:2: minmay_nine_rooms, enter_ziggurat_b, minmay_strange_pillars,
          pf_coc_iceberg, serial_shops, shop
Depths:3: kennysheep_large_spiral, hell_entry, columned_hall_lemuel,
          abyss_entry, grunt_pan_entry_sceptre, kennysheep_windowed_goal,
          firewood_loft, uniq_mennas
Depths:4: kennysheep_big_flooded_room, abyss_entry, minmay_misc_feat_pillars,
          hell_entry, serial_corexii_hall, corexii_hall_statues_l,
          corexii_hall_statues_s, minmay_shop_star, serial_bayou_shore_b,
          basic_stair_grate_trap, uniq_enchantress
IceCv:    ice_cave_small_giant
Volcano:  volcano_caves
WizLab:   wizlab_cigotuvi

Skill      XL: |  1  2  3  4  5  6  7  8  9 10 11 12 13 14 15 16 17 18 19 20 21 22 23 24 |
---------------+-------------------------------------------------------------------------+-----
Stealth        | 1 2 4 5 6 |  6.2
Translocations | 1 2 5 6 |  6.2
Hexes          | 1 3 4 6 7 8 |  8.6
Charms         | 4 7 8 10 11 | 11.4
Dodging        | 2 3 5 6 7 8 9 10 | 10.5
Spellcasting   | 3 5 6 8 10 | 10.2
Fighting       | 3 5 6 8 9 11 12 13 | 13.3
Maces & Flails | 1 2 4 8 |  8.2
Slings         | 1 2 3 4 8 9 |  9.8
Bows           | 1 |  1.8
Invocations    | 1 2 5 6 9 11 | 11.8
Shields        | 4 5 7 10 12 14 15 | 15.0
Throwing       | 1 5 9 11 | 11.6
Ice Magic      | 2 3 |  3.4
Necromancy     | 2 3 |  3.3
Long Blades    | 4 9 12 13 14 | 14.0
Air Magic      | 5 6 7 9 11 12 | 12.6
Summonings     | 1 6 8 |  8.2
Armour         | 7 8 9 10 | 10.9
Transmutations | 4 |  4.0
Earth Magic    | 4 |  4.0

Action                   |  1- 3 |  4- 6 |  7- 9 | 10-12 | 13-15 | 16-18 | 19-21 | 22-24 | 25-27 || total
-------------------------+-------+-------+-------+-------+-------+-------+-------+-------+-------++-------
Melee: Falchion          |   132 |   287 |       |       |       |       |       |       |       ||   419
       Whip              |       |    33 |   220 |   621 |       |       |       |       |       ||   874
       Headbutt          |       |       |    44 |   224 |   559 |   640 |   490 |   642 |     8 ||  2607
       Flail             |       |       |       |    11 |       |       |       |       |       ||    11
       Scimitar          |       |       |       |    12 |  1273 |  1628 |       |       |       ||  2913
       Demon blade       |       |       |       |       |       |    20 |  1213 |  1575 |    21 ||  2829
 Fire: Hunting sling     |       |    15 |    12 |    27 |   147 |   253 |   160 |   184 |       ||   798
       Shortbow          |       |       |     6 |       |       |       |       |       |       ||     6
       Blowgun           |       |       |       |       |       |     1 |       |       |       ||     1
Throw: Throwing net      |       |       |       |       |       |     1 |       |       |       ||     1
       Tomahawk          |       |       |       |       |       |     6 |    45 |     9 |       ||    60
 Cast: Infusion          |    13 |    10 |     8 |     4 |     1 |       |       |       |       ||    36
       Shroud of Golubri |     3 |    17 |    24 |    46 |    50 |     3 |       |     2 |       ||   145
       Spectral Weapon   |       |     3 |    20 |    37 |    57 |    58 |    28 |    14 |       ||   217
       Regeneration      |       |       |       |    16 |    51 |    61 |    70 |    81 |     1 ||   280
       Summon Lightning  |       |       |       |       |    36 |    75 |    51 |    50 |       ||   212
       Passage of Golubr |       |       |       |       |     2 |     4 |       |     3 |       ||     9
       Summon Mana Viper |       |       |       |       |       |     5 |     4 |     3 |       ||    12
       Animate Skeleton  |       |       |       |       |       |     1 |    57 |    61 |       ||   119
       Passwall          |       |       |       |       |       |       |       |     2 |       ||     2
       Deflect Missiles  |       |       |       |       |       |       |       |     3 |       ||     3
Invok: Bend Time         |       |       |       |     3 |     1 |       |       |       |       ||     4
       Slouch            |       |       |       |       |     4 |     1 |     9 |     2 |       ||    16
  Use: Scroll            |     3 |     9 |     4 |    13 |     5 |    10 |    15 |    19 |       ||    78
       Potion            |       |     4 |     5 |     1 |     4 |     2 |     4 |     3 |       ||    23
 Stab: Sleeping          |     2 |       |     5 |    14 |    12 |     7 |    15 |    18 |       ||    73
       Distracted        |       |       |     1 |     7 |    30 |    41 |    31 |    46 |       ||   156
       Confused          |       |       |       |       |       |     1 |       |       |       ||     1
  Eat: Chunk             |     4 |    16 |    13 |    17 |    32 |    28 |    15 |     6 |       ||   131
       Fruit             |       |     1 |     1 |       |     1 |       |       |    11 |       ||    14
       Beef jerky        |       |       |     2 |       |     1 |       |       |       |       ||     3
       Pizza             |       |       |       |     1 |       |     1 |     1 |     1 |       ||     4
       Royal jelly       |       |       |       |       |       |     2 |     4 |     1 |       ||     7
       Bread ration      |       |       |       |       |       |       |       |     1 |       ||     1
Armor: Leather armour    |    32 |   101 |    46 |     8 |       |       |       |       |       ||   187
       Skin              |       |       |    38 |    29 |       |       |       |       |       ||    67
       Ring mail         |       |       |       |    59 |    89 |       |    88 |    83 |       ||   319
       Scale mail        |       |       |       |       |   108 |   335 |   104 |       |       ||   547
       Fire dragon armou |       |       |       |       |       |       |       |   148 |     7 ||   155
Dodge: Dodged            |    51 |   157 |   147 |   342 |   734 |  1028 |   550 |   566 |     9 ||  3584
       Deflected         |       |       |       |       |       |       |       |    16 |       ||    16
Block: Buckler           |       |       |    14 |   193 |   409 |   630 |   418 |       |       ||  1664
       Reflection        |       |       |       |       |       |       |    73 |    73 |       ||   146
       Shield            |       |       |       |       |       |       |   216 |  1018 |    26 ||  1260
